 Dungeon Crawl Stone Soup version 0.30-a0-457-g4b7bca3bfa (webtiles) character file.

Game seed: 12560197716995362598

2113 PimpSugar the Magician (level 9, 0/67 HPs)
             Began as a Demonspawn Hedge Wizard on Dec 13, 2022.
             Slain by a gnoll sergeant
             ... wielding a +2 vorpal spear
              (1 damage)
             ... on level 6 of the Dungeon.
             The game lasted 00:23:59 (6976 turns).

PimpSugar the Magician (Demonspawn Hedge Wizard)    Turns: 6976, Time: 00:24:00

Health: 0/67       AC:  8    Str: 13    XL:     9   Next: 8%
Magic:  28/28      EV: 12    Int: 31    God:
Gold:   211        SH:  0    Dex: 13    Spells: 18/22 levels left

rFire   . . .      SeeInvis .    L - +3 quarterstaff (chaos)
rCold   . . .      Faith    .    (shield currently unavailable)
rNeg    . . .      Spirit   .    p - +2 robe of Happy Babbling {rCorr MP+9 Str+2 Int+6}
rPois   .          Reflect  .    c - +0 hat
rElec   .          Harm     .    M - +2 cloak
rCorr   +          Rampage  .    (no gloves)
Will    .....                    x - +0 pair of boots
Stlth   ++........               f - amulet of the acrobat
HPRegen 0.31/turn                H - ring of wizardry
MPRegen 0.21/turn                K - +6 ring of intelligence

@: no status effects
A: antennae 2, foul stench 1, weakness stinger 1, demonic touch 1
a: no special abilities


You were on level 6 of the Dungeon.
You visited 1 branch of the dungeon, and saw 6 of its levels.
You also visited: Sewer.

You collected 292 gold pieces.
You spent 81 gold pieces at shops.

Inventory:

Hand Weapons
 a - a +0 dagger
 i - a +2 whip of flaming
 t - a +2 whip of electrocution
 L - a +3 quarterstaff of chaos (weapon)
 N - a +0 hammer of venom
 T - a +0 spear of freezing
Missiles
 g - 64 stones (quivered)
 E - 5 poisoned darts
 F - a boomerang of dispersal
 G - 8 boomerangs
 J - a throwing net
Armour
 c - a +0 hat (worn)
 p - the +2 robe of Happy Babbling (worn) {rCorr MP+9 Str+2 Int+6}
   (You found it on level 4 of the Dungeon)

   Str:       It affects your strength (+2).
   Int:       It affects your intelligence (+6).
   MP:        It affects your magic capacity (+9).
   rCorr:     It protects you from acid and corrosion.
 x - a +0 pair of boots (worn)
 A - a +1 chain mail of fire resistance
 D - a +2 robe of positive energy
 M - a +2 cloak (worn)
Jewellery
 f - an amulet of the acrobat (around neck)
 H - a ring of wizardry (left hand)
 K - a +6 ring of intelligence (right hand)
Wands
 B - a wand of light (7)
Scrolls
 d - a scroll of silence
 e - 4 scrolls of teleportation
 h - a scroll of summoning {unknown}
 j - 3 scrolls of blinking
 l - 2 scrolls of noise
 m - 3 scrolls of amnesia
 q - a scroll of immolation {unknown}
 r - a scroll of enchant armour {unknown}
 y - a scroll of acquirement {unknown}
 C - a scroll of fear {unknown}
 I - a scroll of magic mapping
 Q - a scroll of brand weapon {unknown}
 R - a scroll of identify
 S - a scroll of fog {unknown}
Potions
 b - 2 potions of curing
 k - a potion of flight {unknown}
 n - a potion of ambrosia
 o - 2 potions of degeneration
 s - a potion of heal wounds
 u - 2 potions of mutation
 v - a potion of magic
 w - 2 potions of might {unknown}
 z - a potion of resistance {unknown}
 O - a potion of berserk rage {unknown}
 P - a potion of brilliance {unknown}


   Skills:
 + Level 4.8 Fighting
 - Level 1.7 Dodging
 - Level 1.7 Stealth
 * Level 7.2 Spellcasting
 + Level 5.0 Conjurations
 + Level 3.9 Summonings
 + Level 3.5 Translocations
 + Level 3.0 Evocations


You had 18 spell levels left.
You knew the following spells:

 Your Spells              Type           Power      Damage    Failure   Level
a - Magic Dart            Conj           100%       1d8       1%          1
b - Call Imp              Summ           35%        N/A       1%          2
f - Freeze                Ice            44%        1d6       1%          1

Your spell library contained the following spells:

 Spells                   Type           Power      Damage    Failure   Level
 Slow                     Hex            44%        N/A       1%          1
 Blink                    Tloc           64%        N/A       1%          2
 Hailstorm                Conj/Ice       26%        3d7       1%          3
 Cigotuvi's Dreadful Rot  Necr/Pois/Air  22%        N/A       2%          2
 Mephitic Cloud           Conj/Pois/Air  21%        N/A       2%          3
 Frozen Ramparts          Ice            22%        1d4       5%          3


Dungeon Overview and Level Annotations

Branches:
Dungeon (6/15)              Sewer (visited)
 Temple: D:4-7

Altars:
Kikubaaqudgha
Qazlal
Ru
Wu Jian
Xom

Shops:
D:1 *   D:5 *


Innate Abilities, Weirdness & Mutations

You have a pair of antennae on your head.
You may rarely emit foul miasma when damaged in melee.
You have a small tail.
Your touch may inflict minor irresistible damage on your foes.


Message History

There is an open door here.
You open the door.
A gnoll sergeant comes into view. It is wielding a +2 vorpal spear.
Found 38 gold pieces.
There is an open door here.
The gnoll sergeant completely misses you.
The gnoll sergeant blocks your attack.
The gnoll sergeant hits you with a +2 vorpal spear.
You hit the gnoll sergeant.
You feel better.
The gnoll sergeant is moderately wounded.
The gnoll sergeant closely misses you.
The gnoll sergeant hits you but does no damage.
You barely miss the gnoll sergeant.
Your tail-slap misses the gnoll sergeant.
The gnoll sergeant is moderately wounded.
The gnoll sergeant hits you with a +2 vorpal spear!
You hit the gnoll sergeant.
The gnoll sergeant seems to grow stronger.
The gnoll sergeant is moderately wounded.
The gnoll sergeant hits you but does no damage.
You barely miss the gnoll sergeant. You tail-slap the gnoll sergeant.
The gnoll sergeant is moderately wounded.
The gnoll sergeant hits you with a +2 vorpal spear!
You closely miss the gnoll sergeant.
You tail-slap the gnoll sergeant, but do no damage.
The gnoll sergeant is moderately wounded.
The gnoll sergeant misses you. x2
You sock the gnoll sergeant!
The gnoll sergeant is heavily wounded.
The gnoll sergeant hits you with a +2 vorpal spear.
You hit the gnoll sergeant.
The gnoll sergeant is poisoned.
The gnoll sergeant is heavily wounded.
The gnoll sergeant hits you with a +2 vorpal spear!!
* * * LOW HITPOINT WARNING * * *
x2 You hit the gnoll sergeant.
You freeze the gnoll sergeant.
You tail-slap the gnoll sergeant, but do no damage.
The gnoll sergeant is almost dead.
The gnoll sergeant hits you with a +2 vorpal spear!
* * * LOW HITPOINT WARNING * * *
You die...

##.##)#.#.......'...'.).....##.
##...#)..#.......#...#.......##.
##......>.##.....##...##.....###.
#.###.##..###...###...###...## #.
..##......# ##### #...# ########.
<.##..#######...###...###...##...
#.##..# ##.$...##...##....)###.
..##..# #.^.....#...#.......##.
####..# #..$.g@.'...'.......##.
......# #.......#...#.......#..
####.# ##.....##...##.....##..
##...###...###...###.. ####
#..### #####.... ## #.## ###.. .#
.. ..... .# #.# ####.. .########
#..


You could see a gnoll sergeant (strong, poisoned).

Vanquished Creatures
  Pikel (D:4)
  Sigmund (D:4)
  A water moccasin (D:5)
  A black bear (D:5)
  An ogre (D:6)
  A centaur (D:6)
  A phantom (D:5)
  4 necrophages
  A gnoll sergeant (D:6)
  2 scorpions
  Crazy Yiuf (D:5)
  4 hounds
  4 iguanas
  Terence (D:3)
  13 gnolls
  6 adders
  2 river rats (Sewer)
  2 shadow imps
  A white imp (D:5)
  An ufetubus (D:5)
  An adder skeleton (D:2)
  3 worms
  5 dart slugs
  7 orcs
  5 ball pythons
  5 bats
  2 bat skeletons (D:2)
  A bat zombie (D:2)
  7 endoplasms
  A giant cockroach (D:4)
  5 goblins
  7 hobgoblins
  6 jackals
  15 kobolds
  A quokka (D:1)
  10 frilled lizards
  A giant cockroach zombie (D:2)
  A quokka skeleton (D:2)
  A quokka zombie (D:2)
  5 rats
138 creatures vanquished.

Vanquished Creatures (collateral kills)
  2 gnolls
  2 adders (Sewer)
  A river rat (Sewer)
  An adder skeleton (D:2)
  4 orcs (D:4)
  A bat zombie (D:2)
  A hobgoblin (D:2)
  2 ball pythons
  2 ball python skeletons (D:2)
  2 bats
18 creatures vanquished.

Vanquished Creatures (others)
  2 fungi (D:5)
  9 plants (D:2)
  2 withered plants (D:2)
13 creatures vanquished.

Grand Total: 169 creatures vanquished

Notes
Turn   | Place    | Note
-------+----------+-------------------------------------------
     0 | D:1      | PimpSugar the Demonspawn Hedge Wizard began the quest for
                  | the Orb.
     0 | D:1      | Reached XP level 1. HP: 13/13 MP: 4/4
   358 | D:1      | Found Esoray's General Store.
   775 | D:1      | Discovered your monstrous ancestry.
   775 | D:1      | Gained mutation: You have a pair of small antennae on your
                  | head. [demonic ancestry]
   775 | D:1      | Reached XP level 2. HP: 19/20 MP: 4/6
   978 | D:2      | Learned a level 2 spell: Call Imp
  1058 | D:2      | Reached skill level 1 in Fighting
  1233 | D:2      | Gained mutation: You have a pair of antennae on your head.
                  | [demonic ancestry]
  1233 | D:2      | Reached XP level 3. HP: 24/26 MP: 8/8
  1758 | D:2      | Gained mutation: You have a small tail. [demonic ancestry]
  1758 | D:2      | Reached XP level 4. HP: 30/32 MP: 9/9
  1987 | D:3      | Found a sacrificial altar of Ru.
  1989 | D:3      | Found an ancient bone altar of Kikubaaqudgha.
  2023 | D:3      | Found a glowing drain.
  2047 | Sewer    | Entered a sewer
  2068 | Sewer    | Reached skill level 4 in Spellcasting
  2111 | Sewer    | Learned a level 1 spell: Freeze
  2522 | Sewer    | Gained mutation: You may rarely emit foul miasma when
                  | damaged in melee. [demonic ancestry]
  2522 | Sewer    | Reached XP level 5. HP: 13/38 MP: 9/11
  3018 | D:3      | Noticed Terence
  3024 | D:3      | Killed Terence
  3312 | D:3      | Found a large runed translucent door.
  3313 | D:3      | Found a large runed translucent door.
  3638 | D:3      | Reached skill level 1 in Translocations
  3638 | D:3      | Reached XP level 6. HP: 36/46 MP: 13/13
  3844 | D:3      | Found a shimmering altar of Xom.
  3974 | D:3      | Found an ornate altar of the Wu Jian Council.
  3980 | D:3      | Found a stormy altar of Qazlal.
  4335 | D:4      | Reached skill level 5 in Spellcasting
  4346 | D:4      | Identified the +2 robe of Happy Babbling {rCorr MP+9 Str+2
                  | Int+6}
  4487 | D:4      | Noticed Pikel
  4523 | D:4      | Killed Pikel
  4524 | D:4      | Gained mutation: Your touch may inflict minor irresistible
                  | damage on your foes. [demonic ancestry]
  4524 | D:4      | Reached XP level 7. HP: 25/52 MP: 15/15
  4712 | D:4      | Noticed Sigmund
  4735 | D:4      | Killed Sigmund
  4736 | D:4      | Reached skill level 6 in Spellcasting
  4923 | D:4      | Reached skill level 1 in Evocations
  5073 | D:5      | Entered Level 5 of the Dungeon
  5101 | D:5      | Found Xekaggox's Assorted Antiques.
  5110 | D:5      | Bought a scroll labelled LELUGE GALO for 27 gold pieces
  5110 | D:5      | Bought a scroll of identify for 54 gold pieces
  5258 | D:5      | Reached XP level 8. HP: 56/60 MP: 17/17
  6034 | D:5      | Found a runed translucent door.
  6035 | D:5      | Noticed Crazy Yiuf
  6043 | D:5      | Killed Crazy Yiuf
  6555 | D:6      | Reached skill level 7 in Spellcasting
  6825 | D:6      | Reached XP level 9. HP: 54/66 MP: 19/19
  6881 | D:6      | Reached skill level 5 in Conjurations
  6976 | D:6      | HP: 1/67 [gnoll sergeant/+2 vorpal spear (14)]
  6976 | D:6      | Slain by a gnoll sergeant

Illustrated notes

Levels and vault maps discovered:
D:1:      dpeg_arrival_oval, layout_basic, serial_shops, shop, serial_aquarium,
          aquarium_bridge_square [aquarium_subvault_wall,
          aquarium_subvault_window, aquarium_subvault_bridge,
          aquarium_subvault_bridge], aquarium_bridge_square
          [aquarium_subvault_bridge, aquarium_subvault_window,
          aquarium_subvault_bridge, aquarium_subvault_wall], aquarium_window_1,
          aquarium_window_fake, aquarium_window_fake, aquarium_window_2,
          aquarium_view_2c, aquarium_balcony_1b, aquarium_pool_side
D:2:      layout_loops_cross, serial_undead, serial_undead_a, serial_undead_d,
          serial_undead_a, serial_undead_f, minmay_lizard_king
D:3:      layout_loops_cross, tgw_xom,
          chequers_temple_overflow_statue_of_worship, jmf_multi_god_temple2,
          cheibrodos_sewer_entry_sluice, hangedman_decor_growths,
          cheibrodos_gnoll_hut, uniq_terence
D:4:      layout_basic, uniq_sigmund, uniq_pikel
D:5:      layout_basic, mainiacjoe_overflow_paths, serial_shops,
          nicolae_shop_crystal, chequers_serial_rivers_marsh,
          uniq_crazy_yiuf_cottage
D:6:      kennysheep_six_static_rooms, layout_loops_ring

Skill      XL: |  1  2  3  4  5  6  7  8  9 |
---------------+----------------------------+-----
Fighting       | 1 2 3 4 |  4.8
Conjurations   | 2 3 4 5 |  5.0
Spellcasting   | 4 5 6 7 |  7.2
Translocations | 1 2 3 |  3.5
Summonings     | 2 3 |  3.9
Evocations     | 1 2 3 |  3.0
Dodging        | |  1.7
Stealth        | |  1.7

Action                   |  1- 3 |  4- 6 |  7- 9 || total
-------------------------+-------+-------+-------++-------
Melee: Dagger            |   175 |    37 |       ||   212
       Punch             |     3 |       |       ||     3
       Whip              |       |   138 |   114 ||   252
       Tailslap          |       |    16 |    41 ||    57
       Touch             |       |       |    12 ||    12
       Quarterstaff      |       |       |    62 ||    62
 Cast: Magic Dart        |    23 |    28 |    26 ||    77
       Call Imp          |     8 |    15 |     8 ||    31
       Freeze            |       |     5 |     5 ||    10
  Use: Scroll            |       |     5 |     5 ||    10
       Potion            |       |     4 |     1 ||     5
 Stab: Distracted        |     1 |     1 |       ||     2
       Sleeping          |     1 |     4 |       ||     5
Armor: Robe              |    90 |    51 |    64 ||   205
Dodge: Dodged            |   204 |   215 |   161 ||   580

Table legend: (Time is in decaauts)
 A = Elapsed time spent in this place.
 B = Non-inter-level travel time spent in this place.
 C = Inter-level travel time spent in this place.
 D = Time resting spent in this place.
 E = Time spent auto-exploring this place.
 F = Levels seen in this place.
 G = Mean time per level.
                   A        B        C        D        E       F      G
               +--------+--------+--------+--------+--------+-----+--------+
         Total |   7173 |   6750 |    423 |    529 |   3677 |   7 | 1024.7 |
       Dungeon |   6172 |   5749 |    423 |    416 |   3438 |   6 | 1028.7 |
         Sewer |   1000 |   1000 |      0 |    113 |    239 |   1 | 1000.0 |
               +--------+--------+--------+--------+--------+-----+--------+

Top non-repeatable levels by time:
     D:3: 1263 daAuts
     D:5: 1177 daAuts
     D:4: 1022 daAuts
   Sewer: 1000 daAuts
     D:2: 978 daAuts
     D:1: 974 daAuts
     D:6: 757 daAuts
